 Dungeon Crawl Stone Soup version 0.26.1-11-gd32895ea62 (webtiles) character file.

Game seed: 2877680486117150436

242 Zeld the Sneak (level 6, 0/39 HPs)
             Began as an Octopode Brigand on May 15, 2021.
             Slain by a jelly (2 damage)
             ... on level 8 of the Dungeon.
             The game lasted 00:03:48 (2977 turns).

Zeld the Sneak (Octopode Brigand)                   Turns: 2977, Time: 00:03:49

Health: 0/39       AC:  1    Str: 12    XL:     6   Next: 9%
Magic:  10/10      EV: 13    Int: 13    God:
Gold:   44         SH:  0    Dex: 14    Spells: 10/10 levels left

rFire    . . .     SeeInvis .   a - +2 dagger
rCold    . . .     Faith    .   (no shield)
rNeg     . . .     Spirit   .   (helmet restricted)
rPois    .         Reflect  .   (no amulet)
rElec    .         Harm     .   (no ring)
rCorr    .         Rampage  .   (no ring)
Will     .....                  (no ring)
Stlth    ++++......             (no ring)
HPRegen  0.13/turn              (no ring)
MPRegen  0.12/turn              (no ring)
                                (no ring)
                                (no ring)

@: no status effects
A: almost no armour, stealthy swim, amphibious, 8 rings, constrict 8, camouflage
1, gelatinous body 1
a: no special abilities


You were on level 8 of the Dungeon.
You visited 1 branch of the dungeon, and saw 8 of its levels.
You also visited: Sewer.

You collected 44 gold pieces.

Inventory:

Hand Weapons
 a - a +2 dagger (weapon)
 m - a +2 dagger of draining
Missiles
 b - 8 poisoned darts (quivered)
 c - 2 curare-tipped darts
Jewellery
 n - an uncursed ring of magical power {unknown}
Wands
 o - a wand of iceblast (8)
Scrolls
 d - a scroll of enchant armour {unknown}
 f - a scroll of identify {unknown}
 g - a scroll of fear {unknown}
 h - a scroll of magic mapping {unknown}
 i - 2 scrolls of teleportation {unknown}
Potions
 e - 3 potions of curing {unknown}
 j - 3 potions of magic {unknown}
 k - a potion of haste {unknown}
 l - a potion of might {unknown}


   Skills:
 - Level 2.0 Fighting
 - Level 2.0 Short Blades
 * Level 5.2 Throwing
 - Level 1.0 Dodging
 - Level 5.3 Stealth
 + Level 2.7 Spellcasting


You had 10 spell levels left.
You didn't know any spells.
Your spell library was empty.

Dungeon Overview and Level Annotations

Branches:
Dungeon (8/15)             Temple (0/1) D:7           Sewer (visited)
   Lair: D:8-11

Altars:
Dithmenos


Innate Abilities, Weirdness & Mutations

You cannot wear most types of armour.
You are very stealthy in the water. (Stealth+)
You are amphibious.
You can wear up to eight rings at the same time.
You can use your tentacles to constrict eight enemies at once.
Your skin changes colour to match your surroundings (Stealth+).
Your rubbery body absorbs attacks. (AC +1, EV +1)


Message History

A kobold comes into view. It is wielding a +0 short sword.
A kobold comes into view. It is wielding a +0 dagger.
The kobold shouts!
The ogre misses you.
The kobold shouts!
Found a fizzy silvery potion.
The kobold hits you with a +0 short sword.
Found a scroll labelled DEBBUO DE LAI.
Found 21 gold pieces.
A jelly comes into view.
The kobold hits you with a +0 short sword.
* * * LOW HITPOINT WARNING * * *
The jelly quivers.
The jelly misses you. The jelly hits you.
* * * LOW HITPOINT WARNING * * *
You are splashed with acid!
* * * LOW HITPOINT WARNING * * *
The jelly hits you.
You die...

......###......K..#..###
$.K.........K..##......#
...............###K.####
...............##K.##
..........#######.##
.....###.## #O# ######
#.# ##K# .
..#######J.### #
#......@...# #
#..........#
...........#
...........#
#..........#
#...######## ###. .


You could see an ogre, a jelly and 3 kobolds.

Vanquished Creatures
  A bullfrog (D:6)
  2 orc priests (D:6)
  An orc wizard (D:7)
  3 adders
  3 river rats (D:6)
  2 orcs
  A bat (D:1)
  8 jackals (Sewer)
  2 quokkas (D:4)
  6 ball pythons
  4 frilled lizards (Sewer)
  7 kobolds
  A quokka zombie (D:5)
  5 rats
46 creatures vanquished.

Vanquished Creatures (others)
  15 plants (Sewer)
15 creatures vanquished.

Grand Total: 61 creatures vanquished

Notes
Turn   | Place    | Note
-------+----------+-------------------------------------------
     0 | D:1      | Zeld the Octopode Brigand began the quest for the Orb.
     0 | D:1      | Reached XP level 1. HP: 14/14 MP: 1/1
   364 | D:2      | Reached XP level 2. HP: 19/19 MP: 1/3
   420 | D:3      | Found a shadowy altar of Dithmenos.
   569 | D:5      | Entered Level 5 of the Dungeon
   576 | D:5      | Noticed an ogre
   607 | D:6      | Noticed a bullfrog
   636 | D:6      | Killed a bullfrog
   637 | D:6      | Reached skill level 1 in Spellcasting
   637 | D:6      | Reached XP level 3. HP: 6/24 MP: 3/5
   637 | D:6      | Reached XP level 4. HP: 7/29 MP: 3/6
   729 | D:6      | Reached XP level 5. HP: 6/34 MP: 6/8
  1127 | D:6      | Found a glowing drain.
  1264 | Sewer    | Entered a sewer
  2630 | D:8      | Noticed a big kobold
  2635 | D:7      | Reached skill level 5 in Throwing
  2675 | D:7      | Noticed an ogre
  2925 | D:7      | Reached XP level 6. HP: 11/39 MP: 8/10
  2939 | D:7      | Found a staircase to the Ecumenical Temple.
  2977 | D:8      | Slain by a jelly

Illustrated notes

Levels and vault maps discovered:
D:1:      arrival_zaba_pyramid, layout_basic
D:2:      minmay_roachtagon, layout_loops_ring, minmay_curled_crystal
D:3:      layout_rooms, lemuel_crystal_altar
D:4:      layout_gridville, uniq_blork_the_orc
D:5:      layout_loops_ring, serial_shops, kennysheep_little_box, uniq_edmund
D:6:      layout_loops_ring, portal_sewer_entry_e
D:7:      layout_basic, minmay_temple_entry_junction, minmay_misc_feat_alley,
          nemelex_dance_club_becter
D:8:      layout_rooms

Skill      XL: |  1  2  3  4  5 |
---------------+----------------+-----
Throwing       | 3 4 5 |  5.2
Spellcasting   | 1 2 |  2.7
Fighting       | |  2.0
Short Blades   | |  2.0
Dodging        | |  1.0
Stealth        | |  5.3

Action                   |  1- 3 |  4- 6 || total
-------------------------+-------+-------++-------
Melee: Dagger            |    18 |    93 ||   111
       Constrict         |     4 |    30 ||    34
       Tentacles         |     1 |    15 ||    16
 Stab: Sleeping          |     4 |    10 ||    14
Armor: Skin              |     1 |     4 ||     5
Dodge: Dodged            |    12 |    65 ||    77
